 Dungeon Crawl Stone Soup version 0.27-a0-1529-g1e82c303ef (webtiles) character file.

Game seed: 1049274502532604577

1822919 jt the Pyromancer (level 27, 235/235 HPs)
             Began as a Grey Draconian Fire Elementalist on July 11, 2021.
             Was the Champion of the Shining One.
             Escaped with the Orb
             ... and 4 runes on July 15, 2021!
             The game lasted 09:28:55 (127913 turns).

jt the Pyromancer (DrFE)                          Turns: 127913, Time: 09:28:55

Health: 235/235    AC: 28    Str: 15    XL:     27
Magic:  54/54      EV: 16    Int: 27    God:    the Shining One [******]
Gold:   6576       SH: 18    Dex: 11    Spells: 5/62 levels left

rFire    + . .     SeeInvis .   a - +8 sacred scourge (holy)
rCold    + . .     Faith    .   o - +5 kite shield {AC+3}
rNeg     + + +     Spirit   .   (armour unavailable)
rPois    +         Reflect  .   H - -2 hat of the Alchemist {rElec rPois rF+ rC+ rN+ Will+ rMut rCorr}
rElec    +         Harm     .   u - +2 cloak {Stlth+}
rCorr    +         Rampage  .   E - +2 pair of gloves
rMut     +         Rnd*Rage +   J - +2 pair of boots
Will     +++++                  g - amulet of Paceb {rElec Regen+ Dex+3 Stlth+}
Stlth    +.........             K - ring of magical power
HPRegen  1.49/turn              G - ring of the Mage {Wiz Will++ Int+3}
MPRegen  0.34/turn

@: glowing, studying Maces & Flails
A: AC +18, amphibious, unfitting armour, cold-blooded, berserk 1, clumsy 2,
mutation resistance 1
0: Orb of Zot
}: 4/15 runes: barnacled, slimy, abyssal, gossamer
a: Renounce Religion, Divine Shield, Cleansing Flame, Summon Divine Warrior


You escaped.
You worshipped the Shining One.
The Shining One was exalted by your worship.
You visited 14 branches of the dungeon, and saw 59 of its levels.
You visited the Abyss 2 times.
You also visited: Bailey.

You collected 7542 gold pieces.
You spent 966 gold pieces at shops.

Inventory:

Hand Weapons
 a - a +8 sacred scourge of holy wrath (weapon)
 d - the +3 mace of Resourcefulness {venom, Will+ Stlth+}
   (You found it on level 4 of the Lair of Beasts)

   It poisons the flesh of those it strikes.
   Will:      It increases your willpower.
   Stlth:     It makes you more stealthy.
Missiles
 x - 16 throwing nets
 M - 4 atropa-tipped darts
 R - 23 silver javelins
 X - 24 curare-tipped darts
Armour
 o - a +5 kite shield of protection (worn)
 u - a +2 cloak of stealth (worn)
 E - a +2 pair of gloves (worn)
 H - the -2 hat of the Alchemist (worn) {rElec rPois rF+ rC+ rN+ Will+ rMut rCorr}
   (You found it on level 3 of the Crypt)

   rF:        It protects you from fire.
   rC:        It protects you from cold.
   rElec:     It insulates you from electricity.
   rPois:     It protects you from poison.
   rN:        It protects you from negative energy.
   rCorr:     It protects you from acid and corrosion.
   rMut:      It protects you from mutation.
   Will:      It increases your willpower.
 J - a +2 pair of boots (worn)
 Y - a +3 buckler of reflection
Magical Staves
 b - a staff of fire
Jewellery
 g - the amulet of Paceb (around neck) {rElec Regen+ Dex+3 Stlth+}
   (You found it on level 12 of the Dungeon)

   [amulet of regeneration]

   Dex:       It affects your dexterity (+3).
   rElec:     It insulates you from electricity.
   Regen:     It increases your rate of health regeneration.
   Stlth:     It makes you more stealthy.
 s - a ring of protection from cold
 G - the ring of the Mage (right hand) {Wiz Will++ Int+3}
   (You took it off a deep elf annihilator on level 3 of the Elven Halls)

   [ring of wizardry]

   It improves your spell success rate.
   Int:       It affects your intelligence (+3).
   Will:      It greatly increases your willpower.
 K - a ring of magical power (left hand)
 P - the ring of the Wary Saving Cities {+Blink rN++ Dex+6}
   (You found it on level 5 of the Pits of Slime)

   [ring of dexterity]

   Dex:       It affects your dexterity (+6).
   rN:        It greatly protects you from negative energy.
   +Blink:    It lets you blink.
 S - the ring of Okawaru's Approval {Fly rElec rPois rN+++ Str-3}
   (You took it off a deep elf demonologist on level 3 of the Elven Halls)

   [ring of flight]

   Str:       It affects your strength (-3).
   rElec:     It insulates you from electricity.
   rPois:     It protects you from poison.
   rN:        It renders you almost immune to negative energy.
   Fly:       It grants you flight.
 U - a ring of protection from fire
Wands
 e - a wand of iceblast (17)
 i - a wand of flame (168)
 m - a wand of acid (5)
 q - a wand of polymorph (52)
 v - a wand of digging (14)
 L - a wand of charming (43)
 Z - a wand of paralysis (22)
Scrolls
 c - 4 scrolls of vulnerability
 j - 8 scrolls of fog
 l - 3 scrolls of holy word
 w - 7 scrolls of silence
 y - 21 scrolls of teleportation
 z - 3 scrolls of enchant armour
 N - 28 scrolls of identify
 Q - 2 scrolls of immolation
 V - 5 scrolls of fear
Potions
 h - 16 potions of curing
 k - 6 potions of berserk rage
 r - a potion of magic
 t - 8 potions of ambrosia
 B - 2 potions of heal wounds
 D - 4 potions of cancellation
 F - 2 potions of resistance
 I - 4 potions of brilliance
 W - 3 potions of flight
Miscellaneous
 f - a tin of tremorstones (2/2)
 n - a box of beasts
 p - a phial of floods
 O - a lightning rod (4/4)
 T - a piece from Xom's chessboard (15/15)


   Skills:
 + Level 17.0 Fighting
 - Level 12.0 Maces & Flails
 - Level 11.3 Dodging
 - Level 1.7 Stealth
 + Level 14.1 Shields
 + Level 18.0 Spellcasting
 + Level 24.4 Conjurations
 - Level 5.0 Hexes
 - Level 8.0 Translocations
 - Level 5.0 Transmutations
 + Level 24.5 Fire Magic
 - Level 8.0 Earth Magic
 - Level 2.0 Poison Magic
 - Level 22.3 Invocations
 - Level 10.2 Evocations


You had 5 spell levels left.
You knew the following spells:

 Your Spells              Type           Power      Damage    Failure   Level
b - Sticky Flame          Conj/Fire      100%       2d11      0%          4
c - Irradiate             Conj/Tmut      40%        3d27      1%          5
d - Fire Storm            Conj/Fire      51%        8d13      4%          9
e - Fireball              Conj/Fire      51%        3d20      0%          5
f - Blink                 Tloc           N/A        N/A       1%          2
g - Iskenderun's Mystic   Conj/Tloc      84%        2d17      1%          4
h - Starburst             Conj/Fire      51%        8x6d14    0%          6
i - Stone Arrow           Conj/Erth      100%       3d13      0%          3
j - Fulminant Prism       Conj/Hex       40%        3d20      1%          4
k - Iron Shot             Conj/Erth      42%        9d8       1%          6
l - Manifold Assault      Tloc           61%        N/A       1%          5
m - Passage of Golubria   Tloc           N/A        N/A       1%          4

Your spell library contained the following spells:

 Spells                   Type           Power      Damage    Failure   Level
 Foxfire                  Conj/Fire      100%       2x1d9     0%          1
 Magic Dart               Conj           100%       1d8       0%          1
 Shock                    Conj/Air       100%       1d9       0%          1
 Searing Ray              Conj           100%       3d7       0%          2
 Static Discharge         Conj/Air       74%        N/A       0%          2
 Conjure Flame            Conj/Fire      100%       6-21      0%          3
 Dazzling Flash           Conj/Hex       100%       N/A       0%          3
 Inner Flame              Hex/Fire       81%        N/A       0%          3
 Iskenderun's Battlesphe  Conj           100%       2d15      0%          5
 Animate Skeleton         Necr           48%        N/A       1%          1
 Corona                   Hex            55%        N/A       1%          1
 Freeze                   Ice            96%        1d11      1%          1
 Pain                     Necr           96%        1d8       1%          1
 Sandblast                Erth           100%       2d20      1%          1
 Sting                    Tmut/Pois      100%       1d8       1%          1
 Summon Small Mammal      Summ           96%        N/A       1%          1
 Call Imp                 Summ           24%        N/A       1%          2
 Corpse Rot               Necr/Air       N/A        N/A       1%          2
 Ensorcelled Hibernation  Hex/Ice        74%        N/A       1%          2
 Passwall                 Tmut/Erth      46%        N/A       1%          2
 Poisonous Vapours        Pois/Air       58%        N/A       1%          2
 Slow                     Hex            50%        N/A       1%          2
 Sublimation of Blood     Necr           12%        N/A       1%          2
 Confusing Touch          Hex            50%        N/A       1%          3
 Ignite Poison            Fire/Tmut/Pois 69%        N/A       1%          3
 Lesser Beckoning         Tloc           30%        N/A       1%          3
 Mephitic Cloud           Conj/Pois/Air  64%        N/A       1%          3
 Portal Projectile        Hex/Tloc       100%       N/A       1%          3
 Spider Form              Tmut/Pois      21%        N/A       1%          3
 Summon Guardian Golem    Hex/Summ       37%        N/A       1%          3
 Tukima's Dance           Hex            50%        N/A       1%          3
 Hailstorm                Conj/Ice       74%        3d15      1%          4
 Leda's Liquefaction      Hex/Erth       28%        N/A       1%          4
 Freezing Cloud           Conj/Ice/Air   31%        6-21      1%          5
 Lee's Rapid Deconstruct  Erth           30%        3d17*     1%          5
 Call Canine Familiar     Summ           24%        N/A       2%          3
 Frozen Ramparts          Ice            48%        1d6       2%          3
 Ozocubu's Armour         Ice            24%        N/A       2%          3
 Swiftness                Air            24%        N/A       2%          3
 Vampiric Draining        Necr           12%        2d7       2%          3
 Ice Form                 Ice/Tmut       37%        N/A       3%          4
 Olgreb's Toxic Radiance  Pois           35%        N/A       3%          4
 Blade Hands              Tmut           25%        N/A       3%          5
 Yara's Violent Unravell  Hex/Tmut       25%        3d11      3%          5
 Borgnjor's Vile Clutch   Necr/Erth      22%        N/A       4%          5
 Summon Forest            Summ/Tloc      22%        N/A       4%          5
 Alistair's Intoxication  Tmut/Pois      28%        N/A       6%          5
 Dispel Undead            Necr           24%        3d12      9%          4
 Summon Ice Beast         Ice/Summ       24%        N/A       9%          4
 Metabolic Englaciation   Hex/Ice        18%        N/A       9%          5
 Silence                  Hex/Air        18%        N/A       9%          5
 Agony                    Necr           24%        N/A       22%         5
 Excruciating Wounds      Necr           12%        N/A       22%         5
 Conjure Ball Lightning   Conj/Air       37%        3x3d12    1%          6
 Orb of Destruction       Conj           51%        9d16      1%          7
 Dispersal                Tloc           30%        N/A       4%          6
 Lehudib's Crystal Spear  Conj/Erth      42%        10d10     8%          8
 Invisibility             Hex            25%        N/A       16%         6
 Eringya's Noxious Bog    Tmut/Pois      21%        N/A       28%         6
 Dragon Form              Tmut           25%        N/A       63%         7
 Death Channel            Necr           12%        N/A       75%         6
 Shadow Creatures         Summ           N/A        N/A       75%         6
 Simulacrum               Ice/Necr       12%        N/A       75%         6
 Disjunction              Tloc           30%        N/A       87%         8
 Storm Form               Tmut/Air       18%        N/A       91%         7
 Ozocubu's Refrigeration  Ice            12%        4d7       99%         7
 Discord                  Hex            25%        N/A       99%         8
 Chain Lightning          Conj/Air       37%        3d49      99%         9
 Animate Armour           Summ/Erth      Unusable   N/A       N/A         4

Dungeon Overview and Level Annotations

Branches:
Dungeon (15/15)            Temple (1/1) D:7            Lair (6/6) D:11
 Shoals (4/4) Lair:2       Spider (4/4) Lair:3        Slime (5/5) Lair:5
    Orc (2/2) D:12            Elf (3/3) Orc:2        Vaults (4/5) D:14
  Crypt (3/3) Vaults:3       Tomb (1/3) Crypt:3      Depths (5/5) D:15
   Hell (visited)             Dis (0/7) Hell            Geh (0/7) Hell
    Coc (0/7) Hell            Tar (0/7) Hell            Zot (5/5) Depths:5
 Bailey (visited)

Altars:
Cheibriados
Dithmenos
Elyvilon
Fedhas
Gozag
Hepliaklqana
Kikubaaqudgha
Makhleb
Nemelex Xobeh
Okawaru
Qazlal
Ru
Sif Muna
Trog
Vehumet
Wu Jian
Xom
Yredelemnul
The Shining One
Beogh
Jiyva

Shops:
D:7 [   Orc:2 :((=   Vaults:3 *   Depths:1 =::

Portals:
Hell: Depths:1 Depths:2 Depths:3 Depths:4 Depths:5
Abyss: Depths:1 Depths:4 Depths:5
Pandemonium: Depths:2 Depths:3 Depths:4
Ziggurat: Depths:2

Annotations:
D:10 jather's ghost, journeyman HOFi
Elf:2 2 runed translucent doors
Crypt:1 1 runed translucent door
Zot:4 2 transporters, Liuz's ghost, veteran OpFi


Innate Abilities, Weirdness & Mutations

Your dull iron-grey scales are very hard. (AC +18)
You are amphibious.
You cannot fit into any form of body armour.
You are cold-blooded and may be slowed by cold attacks.
You tend to lose your temper in combat.
You are very clumsy. (Dex -4)
You are somewhat resistant to further mutation.


Message History

There is a stone staircase leading up, spattered with blood here.
You climb upwards.
There is a stone staircase leading down, spattered with blood here.
(D) Dungeon (T) Temple (L) Lair (A) Shoals (N) Spider Nest (M) Slime Pits (O) Orcish Mines (E) Elven Halls (V) Vaults (C) Crypt (W) Tomb (U) Depths (H) Hell (I) Dis (G) Gehenna (X) Cocytus (Y) Tartarus (Z) Zot
Where to? (Enter - D:1 @ (x,y), ? - help)
There is an open door here.
There is a stone staircase leading up here.
You climb upwards.
There is a stone staircase leading down here.
A chaos spawn comes into view.
You barely miss the chaos spawn. You hit the chaos spawn.
The chaos spawn convulses.
Your tail-slap misses the chaos spawn.
The chaos spawn is moderately wounded.
The chaos spawn completely misses you.
You barely miss the chaos spawn.
The chaos spawn is moderately wounded.
You hit the chaos spawn.
The chaos spawn convulses.
The chaos spawn is heavily wounded.
The chaos spawn misses you.
You whack the chaos spawn!
The chaos spawn convulses!
You kill the chaos spawn!
The Shining One accepts your kill.
The chaos spawn degenerates into a cloud of primal chaos!
No target in view!
(D) Dungeon (T) Temple (L) Lair (A) Shoals (N) Spider Nest (M) Slime Pits (O) Orcish Mines (E) Elven Halls (V) Vaults (C) Crypt (W) Tomb (U) Depths (H) Hell (I) Dis (G) Gehenna (X) Cocytus (Y) Tartarus (Z) Zot
Where to? (Enter - D:1 @ (x,y), ? - help)
There is an open door here.
There is an open door here.
There is an open door here.
There is a staircase leading out of the dungeon here.
You have escaped!

#.# #....#.# #.# ##+## ##.#.#.#
##†## ##...## ###.....###...#####
#.....## #...........#.....#
.......## ##.......#.........# #
......).####..++++++#..###....###
........'.....+....+............+
........####..'....+...##.......#
.......## #..+.@..+...##.......#
#.....## ##.+....+...####...###
##...## #.++++++...####...# ##'##
###......#........# #.#
#...##########.##
#.############.## ##.####
##.##.......# #.# #......
##...#.#####.# #.# #.....#
#......# #.# #.# #..##.#


There were no monsters in sight!

Vanquished Creatures
  the Royal Jelly (Slime:5)
  A pandemonium lord (Zot:1)
  2 dread liches
  2 ancient liches
  8 orbs of fire
  Margery (Depths:3)
  Xtahua (Vaults:3)
  3 Killer Klowns (Zot:5)
  Geryon (Hell)
  4 curse toes
  2 caustic shrikes
  Nikola (Elf:1)
  12 golden dragons
  Arachne (Spider:4)
  A Tzitzimitl (Depths:3)
  A hellephant (D:7)
  A Hell Sentinel (D:7)
  15 tentacled monstrosities
  3 liches
  2 electric golems (Zot:5)
  30 Orb Guardians
  Rupert (Orc:2)
  11 quicksilver dragons
  2 deep elf blademasters (Elf:3)
  3 Executioners
  14 acid blobs
  8 ancient champions
  4 tentacled starspawn
  18 death cobs
  A deep elf master archer (Elf:3)
  2 krakens (Shoals:4)
  Polyphemus (Shoals:4)
  9 sphinxes
  3 tengu reavers
  9 storm dragons
  Donald (Shoals:2)
  11 shadow dragons
  8 draconian monks
  4 revenants
  11 draconian knights
  7 frost giants
  11 azure jellies
  10 rockslimes
  11 draconian scorchers
  12 vault wardens
  11 fire giants
  3 iron dragons
  A spectral juggernaut (Depths:3)
  3 deep elf sorcerers (Elf:3)
  Aizul (Shoals:3)
  8 draconian shifters
  An orc warlord (Vaults:2)
  3 warmongers
  Louise (Shoals:4)
  5 emperor scorpions
  2 spectral caustic shrikes (Depths:3)
  3 balrugs
  5 curse skulls
  19 ghouls
  A caustic shrike zombie (Crypt:3)
  14 ironbound preservers
  10 ghost moths
  4 draconian stormcallers
  6 draconian annihilators
  5 deep elf elementalists
  14 stone giants
  14 quicksilver oozes
  10 vampire knights
  5 reapers
  3 war gargoyles
  26 very ugly things
  9 black draconians
  13 white draconians
  10 red draconians
  5 deep elf demonologists
  19 green draconians
  2 lorocyprocas (Hell)
  12 purple draconians
  9 deep elf annihilators
  16 yellow draconians
  7 spark wasps
  3 dire elephants
  8 entropy weavers
  8 eidola
  A blizzard demon (Hell)
  14 deep elf death magi
  2 merfolk javelineers
  10 fire dragons
  9 merfolk impalers
  6 ettins
  2 deep elf high priests (Elf:1)
  A crystal guardian (Vaults:3)
  8 mummy priests (Tomb:1)
  4 yaktaur captains
  3 rakshasas
  7 jiangshi
  A naga warrior (Abyss:3)
  14 great orbs of eyes
  Erolcha (Orc:1)
  A spectral golden dragon (Depths:3)
  3 vault guards (Vaults:4)
  2 spectral shadow dragons (Depths:3)
  The ghost of bmj180 the Destroyer, a journeyman DrCj of Vehumet (D:11)
  2 spectral tengu (Depths:3)
  8 ironbound thunderhulks
  12 ice dragons
  2 peacekeepers (Vaults:3)
  A quicksilver dragon skeleton (Hell)
  7 boulder beetles
  9 hydras
  4 merfolk avatars
  15 centaur warriors
  6 ironbound frosthearts
  A juggernaut simulacrum (Depths:3)
  7 two-headed ogres
  5 catoblepae
  3 caustic shrike simulacra (Depths:3)
  3 spriggan air magi
  An ogre mage (D:15)
  6 death knights
  A spectral frost giant (Depths:3)
  A fenstrider witch skeleton (Crypt:2)
  10 dancing weapons
  7 merfolk aquamancers
  An alligator snapping turtle (Shoals:3)
  The ghost of eyesofgods1 the Carver, a novice DgGl (D:11)
  A deep troll shaman (Depths:4)
  6 hell hogs (Hell)
  8 satyrs
  7 tengu warriors
  8 vampire magi
  18 death yaks
  6 deep troll earth magi
  4 spectral elves (Depths:3)
  Urug (Lair:2)
  2 thrashing horrors (Abyss:3)
  5 spriggan berserkers
  A titan zombie (Crypt:2)
  2 orc high priests (Orc:2)
  8 sun demons
  14 ironbound beastmasters
  3 spectral storm dragons (Depths:3)
  5 hell knights
  3 soul eaters
  A storm dragon zombie (Hell)
  Sonja (Lair:3)
  10 deep elf knights
  4 wretched stars
  A storm dragon skeleton (Crypt:1)
  2 shadow wraiths (Crypt:1)
  A quicksilver dragon simulacrum (Depths:3)
  3 iron trolls
  7 sea snakes
  28 skeletal warriors
  3 death drakes (Depths:3)
  An infernal demonspawn (D:11)
  A torturous demonspawn (D:11)
  43 deep trolls
  8 glowing orange brains
  6 flayed ghosts
  An anaconda zombie (Hell)
  10 deep elf archers
  A shadow demon (Depths:1)
  4 spectral iron dragons (Depths:3)
  24 lindwurms
  Pikel (D:3)
  16 phantasmal warriors
  4 bog bodies
  2 orange crystal statues (Depths:3)
  An anaconda skeleton (Hell)
  A gelid demonspawn (Depths:3)
  An obsidian statue (Zot:2)
  11 wizards
  16 ironbound convokers
  A shadow dragon zombie (Crypt:3)
  28 deep elf pyromancers
  4 orc knights
  26 harpies
  A wolf spider zombie (Crypt:3)
  9 oklob plants
  21 orb spiders
  23 deep elf zephyrmancers
  4 orc sorcerers
  A goliath frog zombie (Crypt:3)
  53 ugly things
  6 necromancers
  4 shining eyes
  33 wolf spiders
  A fire giant zombie (Crypt:3)
  A cyclops (shapeshifter) (Depths:2)
  13 manticores
  6 cyclopes
  A frost giant zombie (Crypt:3)
  24 fauns
  28 moths of wrath
  A dire elephant zombie (Hell)
  2 frost giant skeletons
  A guardian serpent (Abyss:3)
  6 black mambas
  2 stone giant skeletons
  10 vault sentinels
  10 merfolk sirens
  9 rust devils
  9 elephants
  3 water nymphs
  3 apocalypse crabs (Abyss:3)
  2 shock serpent zombies (Crypt:1)
  2 eyes of devastation
  15 cane toads
  5 molten gargoyles (Hell)
  An orange demon (Depths:3)
  2 titan simulacra (Depths:3)
  2 alligator snapping turtle zombies
  6 smoke demons
  2 torpor snails (Spider:4)
  4 rime drakes
  A storm dragon simulacrum (Depths:3)
  A yellow draconian zombie (Crypt:1)
  2 hellions (Hell)
  2 sea snake zombies (Hell)
  5 kobold demonologists
  3 efreet (D:14)
  10 freezing wraiths
  10 komodo dragons
  28 yaktaurs
  The ghost of jt the Blocker, a novice GrFi of Ru (D:11)
  3 unseen horrors
  A white draconian zombie (Crypt:2)
  2 ice devils
  3 ancient zymes
  20 demonic crawlers
  4 tengu conjurers
  2 sea snake skeletons
  6 guardian mummies (Tomb:1)
  2 hydra zombies
  4 red devils
  2 tormentors
  A harpy zombie (Crypt:2)
  3 golden dragon simulacra (Depths:3)
  50 jumping spiders
  33 merfolk
  5 spectral glowing shapeshifters (Depths:3)
  14 hornets
  2 shadow dragon simulacra (Depths:3)
  Prince Ribbit (D:6)
  A wolf spider simulacrum (D:11)
  A queen bee (Lair:1)
  4 trolls
  7 wind drakes
  5 polar bears
  2 alligator zombies
  4 hydra skeletons
  Grinder (D:6)
  122 slime creatures
  12 raiju (Abyss:3)
  19 blink frogs
  70 redbacks
  An ice dragon skeleton (Crypt:2)
  8 snapping turtles
  3 air elementals
  A black mamba zombie (Crypt:2)
  4 flying skulls (Crypt:3)
  A centaur simulacrum (D:15)
  4 large abominations
  6 spriggans
  A fire dragon skeleton (Crypt:3)
  A spriggan simulacrum (Depths:3)
  A meliai zombie (Crypt:2)
  12 wraiths
  5 ynoxinuls
  25 water elementals
  3 wyverns
  Sigmund (D:5)
  2 shadows
  A vampire (D:12)
  A yak (shapeshifter) (D:15)
  42 tarantellas
  A black mamba skeleton (Hell)
  49 yaks
  2 ushabtiu (Tomb:1)
  3 fire elementals (Elf:1)
  6 golden eyes (Slime:2)
  4 basilisks
  4 chaos spawn
  4 neqoxecs
  Eustachio (D:5)
  A warg (shapeshifter) (D:15)
  2 steam dragons
  4 wargs
  A swamp worm (Lair:1)
  A harpy simulacrum (Hell)
  4 nagas (Abyss:3)
  4 acid dragons
  3 hell hounds (Hell)
  15 two-headed ogre zombies
  2 torturous demonspawn skeletons
  2 cane toad zombies
  3 floating eyes
  30 orc warriors
  17 water moccasins
  An ice beast (D:6)
  An infernal demonspawn skeleton (Crypt:1)
  A water nymph skeleton (Crypt:1)
  A cane toad skeleton (Hell)
  2 elf simulacra (Depths:3)
  5 ogres
  7 black bears
  2 necrophages
  A blink frog zombie (Crypt:1)
  5 wolves
  A snapping turtle skeleton (Crypt:3)
  7 boggarts
  38 centaurs
  A phantom (D:5)
  A manticore skeleton (Crypt:2)
  A fire crab zombie (Crypt:2)
  3 lemures (D:4)
  8 kobold brigands
  An elf zombie (Crypt:3)
  12 bullfrogs
  2 gnoll sergeants
  A wyvern zombie (Crypt:2)
  An earth elemental (Elf:1)
  2 glowing shapeshifter simulacra (Depths:3)
  3 scorpions
  A hornet simulacrum (D:14)
  5 small abominations
  2 water moccasin skeletons
  25 killer bees
  A raiju skeleton (Crypt:3)
  A raiju zombie (Crypt:2)
  6 electric eels
  3 wights (D:8)
  A howler monkey (D:7)
  A bullfrog zombie (D:6)
  3 centaur zombies
  3 jellies
  A quasit (Abyss:3)
  2 hounds
  11 starcursed masses
  18 orc priests
  2 centaur skeletons
  A human zombie (Crypt:3)
  A basilisk zombie (Crypt:3)
  A gnoll shaman (D:6)
  19 orc wizards
  3 iguanas
  8 lightning spires
  An acid dragon zombie (Crypt:3)
  A tengu zombie (Crypt:2)
  9 mummies (Tomb:1)
  16 gnolls
  8 adders
  A shadow imp (D:6)
  2 adder skeletons
  2 worms
  5 dart slugs
  76 orcs
  4 endoplasms
  13 goblins
  5 hobgoblins
  3 quokkas (D:2)
  9 ball pythons
  4 bats
  4 frilled lizards
  23 kobolds
  7 rats
  A bush (Lair:3)
  A butterfly (Lair:5)
  7 starspawn tentacles
  4 tentacles (Shoals:4)
2655 creatures vanquished.

Vanquished Creatures (collateral kills)
  A dread lich (Crypt:3)
  Mara (Depths:3)
  Jory (Vaults:3)
  Asterion (Vaults:3)
  2 war gargoyles (Vaults:3)
  A red draconian (Abyss:3)
  A white draconian (Abyss:3)
  2 blizzard demons (Abyss:3)
  A crystal guardian (Vaults:3)
  A merfolk impaler (Abyss:3)
  A vault guard (Vaults:3)
  A merfolk avatar (Shoals:1)
  A merfolk aquamancer (Shoals:4)
  A spriggan berserker (Depths:4)
  An orc high priest (Orc:2)
  A deep troll (Vaults:3)
  A sea snake (Shoals:1)
  A harpy (Shoals:1)
  2 orc knights (Orc:2)
  An orc sorcerer (Orc:2)
  A manticore (Shoals:1)
  2 merfolk sirens
  4 fauns (Shoals:1)
  A smoke demon (Abyss:3)
  2 merfolk
  2 raiju (Abyss:3)
  4 orc warriors (Orc:2)
  A small abomination (Abyss:3)
  A bullfrog (Lair:1)
  4 killer bees (Lair:1)
  An orc wizard (Orc:2)
  2 lightning spires (Abyss:3)
  14 foxfires
62 creatures vanquished.

Vanquished Creatures (others)
  A deep elf master archer (Elf:3)
  A draconian scorcher (Zot:4)
  A white draconian (Zot:4)
  3 deep elf zephyrmancers
  A water nymph (Shoals:2)
  A smoke demon (Hell)
  A moth of wrath zombie (Crypt:3)
  A large abomination (Abyss:3)
  A sky beast (Abyss:3)
  A killer bee (Lair:1)
  An orc wizard (Orc:2)
  A white imp (Abyss:3)
  17 fire vortices
  491 foxfires
  21 fulminant prisms
  66 fungi
  297 plants
  4 starspawn tentacles
  26 tentacles (Shoals:4)
936 creatures vanquished.

Grand Total: 3653 creatures vanquished

Notes
Turn   | Place    | Note
-------+----------+-------------------------------------------
     0 | D:1      | jt the Draconian Fire Elementalist began the quest for the
                  | Orb.
     0 | D:1      | Reached XP level 1. HP: 14/14 MP: 3/3
     9 | D:1      | Found a faded altar of an unknown god.
    45 | D:1      | Became a worshipper of the Shining One
    45 | D:1      | Reached * piety under the Shining One
   461 | D:1      | Reached XP level 2. HP: 20/20 MP: 0/5
  1203 | D:2      | Found a shadowy altar of Dithmenos.
  1217 | D:2      | Reached XP level 3. HP: 26/26 MP: 3/6
  1587 | D:2      | Reached skill level 1 in Shields
  1727 | D:2      | You fall into a shaft and drop 2 floors!
  1729 | D:4      | Noticed a scorpion
  1741 | D:4      | Killed a scorpion
  1742 | D:4      | Reached XP level 4. HP: 24/33 MP: 5/8
  1990 | D:2      | Reached XP level 5. HP: 23/38 MP: 5/9
  2279 | D:3      | Reached XP level 6. HP: 30/45 MP: 9/11
  2853 | D:4      | Noticed Pikel
  3114 | D:4      | Reached ** piety under the Shining One
  3176 | D:4      | Learned a level 4 spell: Sticky Flame
  3401 | D:4      | Your scales start taking on a dull iron-grey colour.
  3401 | D:4      | Reached XP level 7. HP: 50/50 MP: 3/12
  3630 | D:5      | Entered Level 5 of the Dungeon
  3824 | D:3      | Killed Pikel
  3825 | D:3      | Reached skill level 5 in Fire Magic
  3825 | D:3      | Reached XP level 8. HP: 46/57 MP: 5/15
  4065 | D:5      | Found a blossoming altar of Fedhas.
  4073 | D:5      | Found a snail-covered altar of Cheibriados.
  4120 | D:5      | Found a burning altar of Makhleb.
  4256 | D:5      | Reached skill level 5 in Conjurations
  4287 | D:5      | Noticed Eustachio
  4295 | D:5      | Killed Eustachio
  4296 | D:5      | Reached skill level 5 in Spellcasting
  4464 | D:5      | Noticed Sigmund
  4476 | D:5      | Killed Sigmund
  4891 | D:6      | Found a hazy altar of Hepliaklqana.
  4895 | D:6      | Noticed Grinder
  4915 | D:6      | Paralysed by Grinder for 6 turns
  4917 | D:6      | Killed Grinder
  4999 | D:6      | Noticed Prince Ribbit
  5009 | D:6      | Killed Prince Ribbit
  5010 | D:6      | Reached XP level 9. HP: 47/62 MP: 6/18
  5578 | D:6      | Reached skill level 1 in Fighting
  5772 | D:6      | Reached skill level 1 in Maces & Flails
  6111 | D:7      | Found a staircase to the Ecumenical Temple.
  6128 | Temple   | Entered the Ecumenical Temple
  6278 | D:7      | Reached *** piety under the Shining One
  6499 | D:7      | Found a glowing golden altar of the Shining One.
  6516 | D:7      | Noticed a deep elf zephyrmancer
  6522 | D:7      | Killed a deep elf zephyrmancer
  6739 | D:7      | Learned a level 3 spell: Mephitic Cloud
  6742 | D:7      | Learned a level 2 spell: Poisonous Vapours
  6928 | D:7      | Found Yruigo's Armour Boutique.
  7040 | D:8      | Noticed a two-headed ogre
  7048 | D:8      | Killed a two-headed ogre
  7049 | D:8      | Reached skill level 1 in Poison Magic
  7049 | D:8      | Reached skill level 1 in Invocations
  7051 | D:8      | Reached XP level 10. HP: 73/73 MP: 5/20
  7431 | D:8      | Found a white marble altar of Elyvilon.
  8082 | D:9      | Found a radiant altar of Vehumet.
  8313 | D:9      | Noticed an orange demon
  8318 | D:9      | Reached **** piety under the Shining One
  8319 | D:9      | Noticed a rust devil
  8606 | D:9      | Found an ancient bone altar of Kikubaaqudgha.
  8609 | D:9      | Found a shimmering blue altar of Sif Muna.
  8616 | D:9      | Got Sif Muna's Catalogue of Slavery
  8753 | D:10     | Entered Level 10 of the Dungeon
  8778 | D:10     | Noticed a two-headed ogre
  8795 | D:10     | Killed a two-headed ogre
  8953 | D:10     | Noticed a two-headed ogre
  8968 | D:10     | Killed a two-headed ogre
  9098 | D:10     | Found a bloodstained altar of Trog.
  9144 | D:10     | Found a transporter.
  9145 | D:10     | Noticed a deep elf pyromancer
  9145 | D:10     | Noticed jather's ghost (journeyman HOFi)
  9160 | D:10     | Found a transporter.
  9188 | D:10     | Reached XP level 11. HP: 79/79 MP: 23/23
  9262 | D:10     | Noticed a two-headed ogre
  9273 | D:10     | Killed a two-headed ogre
  9386 | D:10     | Found a sacrificial altar of Ru.
  9416 | D:10     | Found a shimmering altar of Xom.
  9417 | D:10     | Found a shimmering altar of Xom.
  9417 | D:10     | Noticed a two-headed ogre
  9423 | D:10     | Found a shimmering altar of Xom.
  9423 | D:10     | Found a shimmering altar of Xom.
  9442 | D:10     | Killed a two-headed ogre
  9443 | D:10     | Reached skill level 10 in Fire Magic
  9702 | D:10     | Learned a level 5 spell: Fireball
 10128 | D:11     | Found a runed translucent gate.
 10128 | D:11     | Found a runed translucent gate.
 10128 | D:11     | Found a runed translucent gate.
 10135 | D:11     | Noticed jt's ghost (novice GrFi)
 10135 | D:11     | Noticed bmj180's ghost (journeyman DrCj)
 10135 | D:11     | Noticed eyesofgods1's ghost (novice DgGl)
 10203 | D:11     | Noticed a four-headed hydra
 10214 | D:11     | Killed a four-headed hydra
 10215 | D:11     | Reached skill level 10 in Conjurations
 10491 | D:11     | Noticed a skeletal warrior
 10640 | D:11     | Noticed a death knight
 10682 | D:10     | Killed a death knight
 11301 | D:11     | Killed a skeletal warrior
 11614 | D:11     | Found a staircase to the Lair.
 11619 | Lair:1   | Entered Level 1 of the Lair of Beasts
 11619 | Lair:1   | Noticed an eight-headed hydra
 11640 | Lair:1   | Reached skill level 10 in Spellcasting
 11865 | Lair:1   | Reached XP level 12. HP: 74/85 MP: 24/26
 12305 | Lair:1   | Noticed a seven-headed hydra
 12494 | Lair:1   | Killed an eight-headed hydra
 12744 | Lair:1   | Killed a seven-headed hydra
 13365 | D:12     | Found a staircase to the Orcish Mines.
 14258 | Lair:1   | Identified the +2 robe of Zury {rF+ rC+ rN++ Will-}
 14517 | Lair:2   | Noticed a death yak
 14852 | Lair:2   | Reached ***** piety under the Shining One
 14881 | Lair:2   | Reached XP level 13. HP: 91/91 MP: 4/28
 15490 | Lair:2   | Noticed Urug
 15500 | Lair:2   | Killed Urug
 16302 | Lair:2   | Found a staircase to the Shoals.
 16740 | Lair:3   | Noticed Sonja
 17110 | Lair:3   | Identified the +1 leather armour of the Stars {Rampage
                  | rPois Regen+ Int+3}
 17744 | Lair:3   | Found a hole to the Spider Nest.
 17793 | Lair:3   | Killed Sonja
 18990 | Lair:4   | Reached XP level 14. HP: 78/99 MP: 14/30
 19504 | Lair:4   | Identified the +3 mace of Resourcefulness {venom, Will+
                  | Stlth+}
 20349 | Lair:5   | Found a staircase to the Slime Pits.
 21420 | Lair:5   | You fall into a shaft and drop 1 floor!
 21420 | Lair:6   | Entered Level 6 of the Lair of Beasts
 21537 | Lair:6   | Identified the +7 falchion of Dividends {drain, Int+2}
 22821 | Lair:6   | Reached skill level 5 in Invocations
 24559 | Lair:6   | Identified the +9 dagger "Ubrucaat" {vorpal, rElec rPois
                  | Str+3}
 24986 | D:12     | Identified the amulet of Paceb {rElec Regen+ Dex+3 Stlth+}
 25336 | Orc:1    | Entered Level 1 of the Orcish Mines
 25466 | Orc:1    | Found a flagged portal.
 25600 | Bailey   | Entered a bailey
 26680 | Orc:1    | Found a shimmering altar of Xom.
 26681 | Orc:1    | Reached ****** piety under the Shining One
 26884 | Orc:1    | Reached XP level 15. HP: 104/104 MP: 32/32
 27082 | Orc:1    | Noticed Erolcha
 27089 | Orc:1    | Killed Erolcha
 27471 | Orc:2    | Entered Level 2 of the Orcish Mines
 27787 | Orc:2    | Noticed Rupert
 27920 | Orc:2    | Found Doymoven's Book Shop.
 27931 | Orc:2    | Reached skill level 15 in Fire Magic
 30467 | Orc:2    | Killed Rupert
 30468 | Orc:2    | Reached skill level 15 in Conjurations
 30533 | Orc:2    | Found Foux's Jewellery Shop.
 30535 | Orc:2    | Found Irocu Sesch's Antique Weapon Shoppe.
 30548 | Orc:2    | Found Ypecatt's Antique Weapon Shoppe.
 30846 | Orc:2    | Found a staircase to the Elven Halls.
 31174 | Shoals:1 | Entered Level 1 of the Shoals
 31649 | Shoals:1 | Reached skill level 1 in Evocations
 33622 | Shoals:2 | Learned a level 2 spell: Blink
 33712 | Shoals:2 | Reached XP level 16. HP: 118/118 MP: 6/34
 34095 | Shoals:2 | Noticed Donald
 34106 | Shoals:2 | Killed Donald
 34107 | Shoals:2 | Reached skill level 1 in Translocations
 34951 | Shoals:2 | Reached skill level 5 in Fighting
 37865 | Shoals:3 | Noticed Aizul
 37898 | Shoals:3 | Killed Aizul
 38537 | Shoals:4 | Entered Level 4 of the Shoals
 38538 | Shoals:4 | Noticed Polyphemus
 38542 | Shoals:4 | Reached skill level 5 in Dodging
 38863 | Shoals:4 | Noticed a kraken
 39792 | Shoals:4 | Noticed Louise
 39842 | Shoals:4 | Killed Polyphemus
 41044 | Shoals:4 | Reached skill level 5 in Evocations
 41351 | Shoals:4 | Killed a kraken
 41770 | Shoals:4 | Identified the +11 flail "Hihomp" {vorpal, rF+ Str+3}
 41817 | Shoals:4 | Got a barnacled rune of Zot
 41852 | Shoals:4 | Reached XP level 17. HP: 121/126 MP: 27/35
 42553 | D:11     | Killed eyesofgods1's ghost
 42553 | D:11     | Killed jt's ghost
 42566 | D:11     | Killed bmj180's ghost
 42582 | D:11     | Identified the amulet "Ekhoyz" {*Slow +Inv Fly Regen+
                  | Int+3}
 43328 | D:14     | Found a gate to the Vaults.
 43664 | D:14     | Learned a level 4 spell: Iskenderun's Mystic Blast
 43671 | D:14     | Learned a level 6 spell: Starburst
 43739 | D:14     | Reached skill level 15 in Spellcasting
 43852 | D:14     | Learned a level 3 spell: Stone Arrow
 44149 | D:14     | Reached skill level 1 in Earth Magic
 44303 | D:15     | Entered Level 15 of the Dungeon
 46908 | D:15     | Reached skill level 5 in Translocations
 46942 | D:15     | Reached skill level 10 in Invocations
 47097 | D:15     | Found a staircase to the Depths.
 47163 | Vaults:1 | Entered Level 1 of the Vaults
 48610 | Vaults:1 | Reached skill level 5 in Earth Magic
 49051 | Vaults:1 | Reached XP level 18. HP: 133/133 MP: 29/37
 53009 | Vaults:2 | Identified the +4 dire flail "Jikhlayfu" {drain, MP+9
                  | Str+4}
 54691 | Vaults:3 | Reached XP level 19. HP: 126/138 MP: 29/38
 54874 | Vaults:3 | Reached skill level 5 in Shields
 54999 | Vaults:3 | Reached skill level 5 in Maces & Flails
 55556 | Vaults:3 | Noticed Xtahua
 55802 | Spider:1 | Entered Level 1 of the Spider Nest
 56692 | Spider:1 | Got Sif Muna's Disquisition on Evil Weightlessness
 60871 | Spider:4 | Entered Level 4 of the Spider Nest
 62043 | Spider:4 | Noticed Arachne
 62217 | Spider:4 | Killed Arachne
 62508 | Spider:4 | Reached XP level 20. HP: 136/146 MP: 20/39
 64809 | Spider:4 | Got a gossamer rune of Zot
 66179 | Shoals:4 | Killed Louise
 66520 | Elf:1    | Entered Level 1 of the Elven Halls
 66660 | Elf:1    | Paralysed by an air elemental for 1 turns
 67006 | Elf:1    | Learned a level 4 spell: Fulminant Prism
 67501 | Elf:1    | Reached skill level 1 in Hexes
 67793 | Elf:1    | Noticed Nikola
 67814 | Elf:1    | Killed Nikola
 68621 | Elf:1    | Got the Guide on Creation
 69581 | Orc:2    | Bought an ancient hand axe for 256 gold pieces
 69581 | Orc:2    | Identified the +10 hand axe "Newtslayer" {vorpal, rElec
                  | rF+} (You bought it in a shop on level 2 of the Orcish
                  | Mines)
 69942 | Elf:2    | Found a runed translucent door.
 69975 | Elf:2    | Found a runed translucent door.
 70034 | Elf:3    | Entered Level 3 of the Elven Halls
 70357 | Elf:3    | Identified the +1 plate armour "Udgheugou" {+Inv rF+}
 70540 | Elf:3    | Paralysed by an air elemental for 1 turns
 71509 | Elf:3    | Identified the +8 lajatang of Doubt {protect, rC- Dex+2
                  | SInv}
 71509 | Elf:3    | Identified the +0 leather armour of the Last Coins {rPois
                  | rC+++ rCorr Str-4}
 71755 | Elf:3    | Identified the +1 leather armour of Huillen {rF- Regen+
                  | Str+4}
 72011 | Elf:3    | Reached skill level 10 in Dodging
 72013 | Elf:3    | Identified the +6 falchion of the Gloaming {vorpal, rN++
                  | Str+2 Dex-2}
 72013 | Elf:3    | Identified the ring of Okawaru's Approval {Fly rElec rPois
                  | rN+++ Str-3}
 72038 | Elf:3    | Reached XP level 21. HP: 123/156 MP: 5/40
 72669 | Elf:3    | Identified the +9 dagger of Bimmiu {vorpal, Dex+6}
 73233 | Elf:3    | Identified the +0 plate armour of Dim Light {Stlth+}
 73243 | Elf:3    | Identified the +10 giant club of the Smoking Salmon {drain,
                  | rF++ Dex-2}
 74105 | Vaults:3 | Killed Xtahua
 74433 | Vaults:3 | Reached skill level 15 in Invocations
 74624 | Vaults:3 | Noticed Asterion
 74652 | Vaults:3 | Killed Asterion
 74653 | Vaults:3 | Reached skill level 5 in Hexes
 75066 | Vaults:3 | Noticed Jory
 75088 | Vaults:3 | Killed Jory
 75576 | Vaults:3 | Found Curuo's General Store.
 75585 | Vaults:3 | Bought a scroll of holy word for 150 gold pieces
 75920 | Vaults:3 | Learned a level 6 spell: Iron Shot
 76453 | Vaults:3 | Found a staircase to the Crypt.
 76459 | Crypt:1  | Entered Level 1 of the Crypt
 77464 | Vaults:1 | Identified a +3 sacred scourge of holy wrath (a +1 vampiric
                  | demon whip blessed by the Shining One)
 77464 | Vaults:1 | Received a gift from the Shining One
 78144 | Crypt:1  | Reached XP level 22. HP: 113/172 MP: 41/41
 79093 | Crypt:1  | Found a runed translucent door.
 79094 | Crypt:1  | Noticed an ancient lich
 81449 | Crypt:3  | Entered Level 3 of the Crypt
 81655 | Crypt:3  | Reached skill level 10 in Fighting
 82001 | Crypt:3  | Found the -2 hat of the Alchemist {rElec rPois rF+ rC+ rN+
                  | Will+ rMut rCorr}
 82699 | Crypt:3  | Found a staircase to the Tomb.
 82731 | Crypt:3  | Noticed a curse toe
 82731 | Crypt:3  | Noticed a curse toe
 82848 | Crypt:3  | Killed a curse toe
 82955 | Crypt:3  | Killed a curse toe
 83569 | Crypt:3  | Noticed a dread lich
 83569 | Crypt:3  | Noticed a dread lich
 83600 | Crypt:3  | Noticed an ancient lich
 83607 | Crypt:3  | Gained mutation: You are clumsy. (Dex -2) [a cacodemon]
 83700 | Crypt:3  | Killed a dread lich
 83700 | Crypt:3  | Killed a dread lich
 83701 | Crypt:3  | Reached XP level 23. HP: 181/181 MP: 12/42
 83818 | Crypt:3  | Identified the +3 scale mail of Cynicism {rCorr}
 84265 | Slime:1  | Entered Level 1 of the Pits of Slime
 84271 | Slime:1  | Reached skill level 10 in Maces & Flails
 85255 | Slime:5  | Entered Level 5 of the Pits of Slime
 85455 | Slime:5  | Paralysed by a floating eye for 4 turns
 87127 | Slime:5  | Found a viscous altar of Jiyva.
 87144 | Slime:5  | Noticed the Royal Jelly
 87727 | Vaults:4 | Reached skill level 10 in Evocations
 89206 | Depths:1 | Entered Level 1 of the Depths
 89629 | Depths:1 | Found a gateway to Hell.
 89634 | Hell     | Entered the Vestibule of Hell
 89634 | Hell     | Noticed Geryon
 90531 | Depths:1 | Found Meisifu's Book Shop.
 90532 | Depths:1 | Found Quwamyro's Jewellery Shoppe.
 90533 | Depths:1 | Found Dybyt's Book Shop.
 90555 | Depths:1 | Found a one-way gate to the infinite horrors of the Abyss.
 90611 | Depths:1 | Found a stormy altar of Qazlal.
 91058 | Depths:2 | Found a gateway to a ziggurat.
 91142 | Depths:1 | Identified the +6 quarterstaff of Dried Tears {antimagic,
                  | rElec Will+}
 91142 | Depths:1 | Identified the +8 quarterstaff of the Demagogue {vorpal,
                  | rElec Dex+4}
 91666 | Depths:2 | Noticed a caustic shrike
 91674 | Depths:1 | Killed a caustic shrike
 92110 | Depths:2 | Found a one-way gate leading to the halls of Pandemonium.
 92226 | Depths:2 | Found a runed translucent door.
 92303 | Depths:2 | Reached XP level 24. HP: 184/189 MP: 42/42
 92527 | Depths:3 | Noticed Margery
 92541 | Depths:3 | Killed Margery
 95206 | Depths:3 | Found the +3 robe of Folly {Archmagi, Will-- Int+5}
 95215 | Depths:3 | Reached XP level 25. HP: 195/195 MP: 42/42
 95282 | Depths:3 | You fall into a shaft and drop 1 floor!
 95287 | Depths:5 | Entered Level 5 of the Depths
 95293 | Depths:4 | Noticed Mara
 95294 | Depths:4 | Noticed jt's illusion
 96646 | Depths:3 | Killed Mara
 96779 | Depths:4 | Reached XP level 26. HP: 202/202 MP: 30/42
100042 | Hell     | Killed Geryon
101252 | Slime:5  | Found the +4 moon troll leather armour {Spirit, Regen++
                  | MP+5}
101290 | Slime:5  | Killed the Royal Jelly
101602 | Slime:5  | Got Sif Muna's Disquisition on Translocation
101617 | Slime:5  | Got the Reference Book on the Unstable Mountains
101636 | Slime:5  | Identified the ring of Xom's Wantonness {Str+6 Int+2}
101640 | Slime:5  | Got a slimy rune of Zot
101706 | Slime:5  | Learned a level 5 spell: Irradiate
101712 | Slime:5  | Identified the +9 long sword of Wyrd {flame, rF- rC+++
                  | Dex+4}
101723 | Slime:5  | Identified the ring of the Wary Saving Cities {+Blink rN++
                  | Dex+6}
101793 | Slime:4  | Learned a level 5 spell: Manifold Assault
102338 | Hell     | Found a gateway to the ashen valley of Gehenna.
102676 | Depths:5 | Reached skill level 1 in Transmutations
103044 | Depths:5 | Found a gate to the Realm of Zot.
103860 | Zot:1    | Entered Level 1 of the Realm of Zot
103982 | Hell     | Found a gateway to the Iron City of Dis.
104368 | Hell     | Found a gateway to the freezing wastes of Cocytus.
104497 | Hell     | Found a gateway to the decaying netherworld of Tartarus.
104507 | Hell     | Reached XP level 27. HP: 206/215 MP: 34/42
104966 | Crypt:3  | Killed an ancient lich
105229 | Tomb:1   | Entered Level 1 of the Tomb of the Ancients
107400 | Tomb:1   | Identified the +0 hat "Zaschar" {Will- Int+5 Dex+2}
108132 | Depths:4 | Voluntarily entered the Abyss.
108181 | Depths:4 | Escaped the Abyss
108183 | Depths:4 | Voluntarily entered the Abyss.
108183 | Abyss:1  | Found a corrupted altar of Lugonu.
108197 | Abyss:2  | Found a corrupted altar of Lugonu.
108503 | Abyss:3  | Found a corrupted altar of Lugonu.
108622 | Abyss:3  | Identified the +0 kite shield of the Boiling Point {rCorr}
109031 | Abyss:3  | Reached skill level 5 in Transmutations
109069 | Abyss:3  | Got an abyssal rune of Zot
109113 | Depths:4 | Escaped the Abyss
109697 | Depths:5 | Learned a level 4 spell: Passage of Golubria
113492 | Zot:2    | Noticed an orb of fire
113998 | Zot:2    | Reached skill level 10 in Shields
114404 | Zot:2    | Killed an orb of fire
119351 | Zot:4    | Identified the +6 hunting sling of Yeast {venom, Str+4
                  | Int+3}
120099 | Zot:4    | Noticed Liuz's ghost (veteran OpFi)
120108 | Zot:4    | Found a transporter.
120516 | Zot:4    | Found a transporter.
120689 | Zot:4    | Reached skill level 15 in Fighting
121082 | Zot:4    | Noticed an orb of fire
121090 | Zot:4    | Killed an orb of fire
121935 | Depths:1 | Bought a book of Annihilations for 560 gold pieces
122082 | Depths:3 | Learned a level 9 spell: Fire Storm
122251 | Zot:5    | Entered Level 5 of the Realm of Zot
122829 | Zot:5    | Noticed an ancient lich
122841 | Zot:5    | Killed an ancient lich
123400 | Zot:5    | Noticed an orb of fire
123402 | Zot:5    | Gained mutation: You tend to lose your temper in combat.
                  | [an orb of fire]
123402 | Zot:5    | Gained mutation: You are very clumsy. (Dex -4) [an orb of
                  | fire]
123407 | Zot:5    | Killed an orb of fire
123529 | Zot:5    | Noticed an orb of fire
123535 | Zot:5    | Gained mutation: You are somewhat resistant to further
                  | mutation. [an orb of fire]
123540 | Zot:5    | Killed an orb of fire
123680 | Zot:5    | Noticed an orb of fire
123685 | Zot:5    | Killed an orb of fire
123974 | Zot:5    | Noticed an orb of fire
123980 | Zot:5    | Killed an orb of fire
123987 | Zot:5    | Noticed an orb of fire
124181 | Zot:5    | Killed an orb of fire
124632 | Zot:5    | Noticed an orb of fire
124640 | Zot:5    | Killed an orb of fire
126604 | Zot:5    | Noticed a dread lich
126650 | Zot:5    | Killed a dread lich
127124 | Zot:5    | Got the Orb of Zot
127152 | Zot:5    | Noticed Doiss the pandemonium lord
127290 | Zot:1    | Noticed Foivon the pandemonium lord
127298 | Zot:1    | Killed Foivon the pandemonium lord
127913 | D:$      | Escaped with the Orb!

Illustrated notes

Levels and vault maps discovered:
D:1:      lightli_arrival_maybe_door_vault, layout_loops_corners,
          basic_ecumenical_altar
D:2:      layout_basic, basic_altar, minmay_split_cup_small
D:3:      layout_rooms, grunt_decor_resistance, kennysheep_generic_room_7
D:4:      layout_loops_ring, portal_sewer_entry_d, uniq_pikel
D:5:      layout_basic, kennysheep_mini_moat,
          mainiacjoe_overflow_large_starburst, uniq_eustachio, uniq_sigmund
D:6:      layout_basic, mainiacjoe_overflow_cross_hatched, uniq_grinder,
          uniq_prince_ribbit1
D:7:      layout_basic, tso_oasis_becter, minmay_temple_entry_slanted,
          serial_shops, kennysheep_mini, serial_bayou_lagoon_a,
          guppyfry_early_elven_hall
D:8:      layout_loops_cross, lemuel_tele_altar
D:9:      layout_rooms, grunt_temple_overflow_magic_moments
D:10:     layout_loops_ring, nicolae_ru_path_of_blood, xom_redecorated,
          mainiacjoe_overflow_tiny_flanked, gammafunk_ghost_arena,
          kennysheep_generic_room_4
D:11:     layout_loops_corners, grunt_lair_entry_orc_guard_hut,
          gammafunk_ghost_cemetery, minmay_sticks_and_stones
D:12:     layout_basic, orc_0_dummy
D:13:     layout_roguey
D:14:     layout_basic, erik_vaults_1
D:15:     grunt_enter_depths_snipers, layout_cave_pods, serial_park_square3
          [serial_park_minivault_5x5_3]
Temple:   eino_temple_lava
Lair:1:   beast_lair_carwin_large_1, layout_cave_pods, special_room
          [special_room_bee], worms_lemuel
Lair:2:   layout_small_grid, elwin_shoals_entry_stream,
          infiniplex_staircase_pool_2, serial_bayou_shore_a, uniq_urug
Lair:3:   layout_big_grid, nicolae_spider_entry_tight_spaces,
          minmay_lair_oklob_items, uniq_sonja
Lair:4:   layout_cave_pods, minmay_lindwurm_lava
Lair:5:   layout_gridlike, minmay_slime_entry_pillars, minivault_27,
          serial_bayou_lake_a, lemuel_fruit_fields, minmay_lair_oklob_chamber
Lair:6:   evilmike_catoblepas_cave, layout_cave_pods
Shoals:1: layout_shoals
Shoals:2: layout_shoals, uniq_donald
Shoals:3: layout_shoals, uniq_aizul
Shoals:4: shoals_end_grunt_garden, layout_shoals, ldierk_geyser,
          nicolae_shoals_water_booths, uniq_polyphemus, uniq_louise
Spider:1: layout_spider_delve, drop_trap, nicolae_spider_checkerboard
Spider:2: layout_spider_delve
Spider:3: layout_spider_delve
Spider:4: johnstein_spider_rune_arachne_lair
Slime:1:  layout_caves, cheibrodos_slime_lost_civilization_6
Slime:2:  layout_caves, cheibrodos_slime_lost_civilization_5
Slime:3:  layout_caves
Slime:4:  layout_caves
Slime:5
Orc:1:    lemuel_ogre_cave, layout_diamond_mine, enter_bailey_5, basic_altar,
          mines1_david
Orc:2:    st_orc_elflike, layout_caves, uniq_rupert
Elf:1:    layout_loops_cross, minmay_elf_demonology, grunt_megastairs_1,
          uniq_nikola
Elf:2:    layout_geoelf_octagon
Elf:3:    elf_hall, layout_geoelf_diagonals, grunt_megastairs_2
Vaults:1: hangedman_vaults_corner_blocks, v_misc_15, v_misc_14,
          vaults_mumra_hexcomb, vaults_room_door_ring,
          nicolae_vaults_halls_meeting, hangedman_vaults_pinch, v_misc_16,
          grunt_vaults_twisty, nicolae_vaults_big_ls, layout_vaults_big_cross
Vaults:2: ontoclasm_vaults_idyll, v_alt_pattern_3,
          ontoclasm_vaults_claustrophobia, v_misc_12, v_misc_18, st_diamondy,
          grunt_vaults_focal, ontoclasm_vaults_gateway,
          hangedman_vaults_slither, vaults_room_corners, v_pattern_2,
          grunt_vaults_hallway_short, layout_vaults_ring
Vaults:3: minmay_crypt_entry_simple_round, v_alt_pattern_4,
          hangedman_vaults_nodes, nicolae_vaults_shelves_hall, v_alt_pattern_5,
          v_misc_14, vaults_room_grid, vaults_mumra_minichess,
          nicolae_vaults_specimen_jars, ontoclasm_vaults_fault,
          layout_vaults_big_room, serial_shops, nicolae_lakefront_shop,
          uniq_xtahua, uniq_jory, uniq_asterion
Vaults:4: v_alt_pattern_1, vaults_dpeg_diagonal,
          hangedman_vaults_stretched_pinwheel, vaults_dpeg_encased_lava,
          nicolae_vaults_little_squares_5, ontoclasm_vaults_misaligned,
          ontoclasm_vaults_ligature, layout_vaults_omnigrid
Crypt:1:  cheibrodos_crypt_cold_storage, layout_regular_city,
          minmay_misc_feat_rows, grunt_megastairs_4
Crypt:2:  layout_rooms
Crypt:3:  david_glass_crypt, layout_gridlike, minicrypt_bobbens
Tomb:1
Depths:1: layout_gridlike, pf_hell_entry_great_geh, abyss_entry_crystal,
          kennysheep_path_1, nicolae_qazlal_scattered_showers, firewood_loft,
          minmay_shop_grove
Depths:2: kennysheep_spiral_hall, layout_cross, enter_ziggurat_b, pan_entry,
          minmay_door_square, hell_entry, minmay_hidden_floor
Depths:3: lemuel_river_lethe, hell_entry, pan_entry, uniq_margery
Depths:4: minmay_the_grid_octo_tiled_squarecenter [minmay_the_grid_octo_teeth,
          minmay_the_grid_octo_fat_diamond,
          minmay_the_grid_octo_tetromino_candy, minmay_the_grid_octo_fan_narrow,
          minmay_the_grid_square_5x5_megaprize_hollow,
          minmay_the_grid_square_5x5_v, minmay_the_grid_square_5x5_eight_small,
          minmay_the_grid_square_5x5_inner_z,
          minmay_the_grid_square_5x5_sharp_hourglass], layout_cave_pools,
          pan_entry, hell_entry, abyss_entry, uniq_mara
Depths:5: evilmike_zot_entry_basic, layout_cave_shapes, abyss_entry,
          chequers_serial_rivers_micro_e, hell_entry
Hell
Zot:1:    layout_concentric_octagons, st_stairs_5, grunt_megastairs_3
Zot:2:    evilmike_crystal_ball_defense, layout_misc_corridors,
          hangedman_spider_trapstep
Zot:3:    layout_basic, grunt_ministairs_5
Zot:4:    layout_gridlike, gammafunk_ghost_arena, zot_minivault_1,
          grunt_megastairs_5
Zot:5:    layout_misc_corridors

Skill      XL: |  1  2  3  4  5  6  7  8  9 10 11 12 13 14 15 16 17 18 19 20 21 22 23 24 25 26 27 |
---------------+----------------------------------------------------------------------------------+-----
Shields        | 1 2 3 4 6 7 8 14 | 14.1
Conjurations   | 2 3 4 6 7 9 10 12 13 14 15 16 17 18 19 20 21 22 24 | 24.4
Spellcasting   | 3 4 6 7 8 10 11 12 13 14 15 18 | 18.0
Fire Magic     | 4 5 6 8 9 11 12 13 14 15 16 17 18 19 20 21 22 24 | 24.5
Fighting       | 2 4 5 6 9 10 11 17 | 17.0
Maces & Flails | 2 4 5 6 9 12 | 12.0
Poison Magic   | 1 2 |  2.0
Invocations    | 1 2 5 7 8 10 12 13 14 15 16 17 18 19 20 22 | 22.3
Dodging        | 4 5 6 8 10 11 | 11.3
Evocations     | 2 5 6 9 10 | 10.2
Translocations | 4 5 8 |  8.0
Earth Magic    | 5 6 8 |  8.0
Hexes          | 3 5 |  5.0
Transmutations | 2 5 |  5.0
Stealth        | |  1.7

Action                   |  1- 3 |  4- 6 |  7- 9 | 10-12 | 13-15 | 16-18 | 19-21 | 22-24 | 25-27 || total
-------------------------+-------+-------+-------+-------+-------+-------+-------+-------+-------++-------
Melee: Unarmed           |     3 |       |     3 |       |       |       |       |       |       ||     6
       Rapier            |    37 |    73 |       |       |       |       |       |       |       ||   110
       Tailslap          |     3 |     7 |    15 |    35 |    89 |    50 |    77 |   110 |   118 ||   504
       Flail             |       |    20 |    22 |     8 |   101 |   232 |   534 |       |       ||   917
       Staff             |       |       |     3 |       |       |       |       |    12 |    20 ||    35
       Whip              |       |       |    77 |   334 |   141 |       |       |       |       ||   552
       Mace              |       |       |       |       |   306 |    55 |       |       |       ||   361
       Spear             |       |       |       |       |    59 |       |       |       |       ||    59
       Dagger            |       |       |       |       |   114 |    36 |       |       |       ||   150
       Sacred scourge    |       |       |       |       |       |       |    11 |   710 |   909 ||  1630
Throw: Dart              |       |       |     3 |     1 |       |       |       |       |       ||     4
       Javelin           |       |       |       |     1 |       |     2 |       |       |       ||     3
       Boomerang         |       |       |       |       |     1 |       |       |       |       ||     1
 Cast: Foxfire           |    39 |    70 |    76 |    79 |    43 |     4 |     5 |     1 |       ||   317
       Sticky Flame      |       |     1 |    12 |    55 |   115 |    66 |    34 |     6 |     7 ||   296
       Poisonous Vapours |       |       |     4 |    67 |   118 |   129 |   155 |     2 |    10 ||   485
       Mephitic Cloud    |       |       |     2 |    36 |    21 |     2 |     1 |       |       ||    62
       Fireball          |       |       |       |    64 |   383 |   553 |   384 |   211 |   266 ||  1861
       Blink             |       |       |       |       |       |     4 |     7 |     1 |    12 ||    24
       Starburst         |       |       |       |       |       |    46 |   194 |   272 |   421 ||   933
       Stone Arrow       |       |       |       |       |       |    18 |    49 |     1 |     2 ||    70
       Iskenderun's Myst |       |       |       |       |       |    17 |    22 |       |     3 ||    42
       Fulminant Prism   |       |       |       |       |       |       |     7 |     4 |    10 ||    21
       Iron Shot         |       |       |       |       |       |       |     9 |    62 |   250 ||   321
       Manifold Assault  |       |       |       |       |       |       |       |       |    20 ||    20
       Irradiate         |       |       |       |       |       |       |       |       |    34 ||    34
       Fire Storm        |       |       |       |       |       |       |       |       |    11 ||    11
       Passage of Golubr |       |       |       |       |       |       |       |       |     5 ||     5
Invok: Divine Shield     |       |       |     1 |     2 |     4 |     5 |     8 |     5 |     9 ||    34
       Cleansing Flame   |       |       |       |       |     4 |     7 |     3 |    20 |    42 ||    76
       Summon Divine War |       |       |       |       |     2 |     1 |     3 |     1 |     3 ||    10
       Brand Weapon With |       |       |       |       |       |       |     1 |       |       ||     1
 Abil: Evoke Blink       |       |       |       |       |       |       |       |       |     2 ||     2
Evoke: Wand              |       |       |       |     6 |    11 |     9 |    26 |    10 |    23 ||    85
       Phial of floods   |       |       |       |     1 |     1 |     1 |     2 |       |     2 ||     7
       Box of beasts     |       |       |       |       |     1 |     1 |     2 |       |       ||     4
       Tin of tremorston |       |       |       |       |       |     2 |     4 |     3 |     4 ||    13
       Piece from Xom's  |       |       |       |       |       |       |     1 |     2 |       ||     3
       Lightning rod     |       |       |       |       |       |       |       |       |     4 ||     4
  Use: Scroll            |     1 |     3 |     6 |    12 |     8 |     7 |    10 |     4 |    24 ||    75
       Potion            |       |       |     1 |       |     6 |     1 |     6 |     1 |    17 ||    32
Armor: Skin              |    10 |    23 |    23 |   172 |   467 |   325 |   576 |   270 |   438 ||  2304
Dodge: Dodged            |    20 |    47 |    55 |   259 |   473 |   394 |   780 |   382 |   576 ||  2986
Block: Buckler           |    13 |    32 |    47 |   169 |   346 |   224 |   366 |   172 |   318 ||  1687
       Reflection        |       |       |       |       |       |     4 |    22 |     4 |    10 ||    40
       Kite shield       |       |       |       |       |       |       |       |       |    56 ||    56

Table legend: (Time is in decaauts)
 A = Elapsed time spent in this place.
 B = Non-inter-level travel time spent in this place.
 C = Inter-level travel time spent in this place.
 D = Time resting spent in this place.
 E = Time spent auto-exploring this place.
 F = Levels seen in this place.
 G = Mean time per level.
                   A        B        C        D        E       F      G
               +--------+--------+--------+--------+--------+-----+--------+
         Total | 127806 | 113541 |  14265 |  55491 |  23263 |  64 | 1997.0 |
       Dungeon |  22263 |  18498 |   3765 |   5915 |   7235 |  15 | 1484.2 |
        Temple |      1 |      1 |      0 |      0 |      0 |   1 |    1.0 |
          Lair |  15435 |  13648 |   1787 |   6413 |   3969 |   6 | 2572.5 |
        Shoals |  11901 |  10788 |   1113 |   6269 |   1929 |   4 | 2975.2 |
   Spider Nest |   8392 |   7827 |    565 |   4718 |   1507 |   4 | 2098.0 |
    Slime Pits |   4121 |   3686 |    435 |   2232 |    297 |   5 |  824.2 |
  Orcish Mines |   3811 |   3373 |    438 |   1423 |    709 |   2 | 1905.5 |
   Elven Halls |   6485 |   5908 |    577 |   2879 |   1002 |   3 | 2161.7 |
        Vaults |  13867 |  12297 |   1570 |   6312 |   2289 |   4 | 3466.8 |
         Crypt |   6682 |   6203 |    479 |   3056 |   1255 |   3 | 2227.3 |
          Tomb |   2226 |   1925 |    301 |    443 |     12 |   1 | 2226.0 |
        Depths |  13222 |  11461 |   1761 |   6528 |   1659 |   5 | 2644.4 |
          Hell |   1011 |    989 |     22 |    377 |    250 |   1 | 1011.0 |
           Zot |  16586 |  15137 |   1449 |   8482 |   1056 |   5 | 3317.2 |
         Abyss |    832 |    832 |      0 |    166 |      0 |   4 |  208.0 |
        Bailey |    965 |    965 |      0 |    274 |     94 |   1 |  965.0 |
               +--------+--------+--------+--------+--------+-----+--------+

Top non-repeatable levels by time:
   Zot:1: 4823 daAuts
Depths:3: 4483 daAuts
Shoals:3: 4427 daAuts
Vaults:1: 4146 daAuts
Vaults:3: 4118 daAuts
Vaults:2: 4096 daAuts
   Zot:5: 3601 daAuts
Shoals:2: 3291 daAuts
  Lair:1: 3242 daAuts
    D:11: 3235 daAuts
  Lair:2: 3183 daAuts
Depths:1: 3118 daAuts
Spider:3: 3039 daAuts
   Zot:4: 2907 daAuts
Spider:2: 2857 daAuts
